| TOP OF THE 1ST |
|
Sacramento River Cats batting - Pitching for Oklahoma City Dodgers : LHP Joel Beery
|
|
Pitching: LHP Joel Beery
|
|
|
Batting: RHB Yutaka Oki
|
0-0: Ball 1-0: Ball 2-0: Ball 3-0: Base on Balls
|
|
Batting: RHB Hugo Zacarias
|
0-0: Ball 1-0: Swinging Strike 1-1: Grounds into double play, 6-4-3 (Groundball, 6, EV 106.2 MPH)
|
|
Batting: SHB Jason Spradling
|
0-0: Ball 1-0: Fly out, F8 (Line Drive, 8RD, EV 88.8 MPH)
|
| Top of the 1st over - 0 runs, 0 hits, 0 errors, 0 left on base; Sacramento 0 - Oklahoma City 0 |
| BOTTOM OF THE 1ST |
|
Oklahoma City Dodgers batting - Pitching for Sacramento River Cats : RHP Tyler Smith
|
|
Pitching: RHP Tyler Smith
|
|
|
Batting: LHB Alex Ramos
|
0-0: Ball 1-0: Ground out 6-3 (Groundball, 6, EV 90.0 MPH)
|
|
Batting: RHB Justin Anastasio
|
0-0: Called Strike 0-1: Foul Ball, location: 2F 0-2: Foul Ball, location: 2F 0-2: Strikes out swinging
|
|
Batting: LHB James Betron
|
0-0: Ground out 1-3 (Groundball, 34S, EV 72.5 MPH)
|
| Bottom of the 1st over - 0 runs, 0 hits, 0 errors, 0 left on base; Sacramento 0 - Oklahoma City 0 |
| TOP OF THE 2ND |
|
Sacramento River Cats batting - Pitching for Oklahoma City Dodgers : LHP Joel Beery
|
|
Batting: LHB Nate Conley
|
0-0: Called Strike 0-1: Called Strike 0-2: Strikes out swinging
|
|
Batting: RHB Roberto Duron
|
0-0: Ball 1-0: Called Strike 1-1: Foul Ball, location: 2F 1-2: Strikes out swinging
|
|
Batting: RHB Martin Guerrero
|
0-0: Foul Ball, location: 2F 0-1: Foul Ball, location: 2F 0-2: Foul Ball, location: 2F 0-2: SINGLE (Groundball, 56D, EV 103.1 MPH)
|
|
Batting: LHB Willie Ceniceros
|
0-0: Foul Ball, location: 2F 0-1: Ball 1-1: Swinging Strike 1-2: Strikes out swinging
|
| Top of the 2nd over - 0 runs, 1 hit, 0 errors, 1 left on base; Sacramento 0 - Oklahoma City 0 |
| BOTTOM OF THE 2ND |
|
Oklahoma City Dodgers batting - Pitching for Sacramento River Cats : RHP Tyler Smith
|
|
Batting: RHB John Manocchio
|
0-0: Foul Ball, location: 2F 0-1: Ball 1-1: Ball 2-1: Swinging Strike 2-2: Foul Ball, location: 2F 2-2: Ball 3-2: Foul Ball, location: 2F 3-2: Base on Balls
|
|
Batting: RHB John Hazen
|
0-0: Foul Ball, location: 2F 0-1: Ball 1-1: Ground out 6-3 (Groundball, 6M, EV 100.6 MPH) John Manocchio to second
|
|
Batting: RHB Armando Galindo
|
0-0: Ball 1-0: Called Strike 1-1: Foul Ball, location: 2F 1-2: Ground out 6-3 (Groundball, 6, EV 93.1 MPH)
|
|
Batting: RHB Tim Adams
|
0-0: Ball 1-0: Swinging Strike 1-1: Swinging Strike 1-2: Ball 2-2: Foul Ball, location: 2F 2-2: Reached on error, E3 (Groundball, 34S, EV 87.5 MPH) John Manocchio to third
|
|
Batting: RHB Terry Jarrells
|
0-0: Swinging Strike 0-1: TRIPLE (Line Drive, 89XD, EV 100.6 MPH) John Manocchio scores Tim Adams scores
|
|
Batting: RHB Matt Robert
|
0-0: Swinging Strike 0-1: Foul Ball, location: 2F 0-2: Ball 1-2: Strikes out swinging
|
| Bottom of the 2nd over - 2 runs, 1 hit, 1 error, 1 left on base; Sacramento 0 - Oklahoma City 2 |
| TOP OF THE 3RD |
|
Sacramento River Cats batting - Pitching for Oklahoma City Dodgers : LHP Joel Beery
|
|
Batting: LHB Juan Gonzalez
|
0-0: Ball 1-0: Called Strike 1-1: Foul Ball, location: 2F 1-2: Fly out, F5 (Popup, 56, EV 60.6 MPH)
|
|
Batting: RHB Matt Fenimore
|
0-0: Ball 1-0: Called Strike 1-1: Ball 2-1: Foul Ball, location: 2F 2-2: Fly out, F8 (Flyball, 78D, EV 93.1 MPH)
|
|
Batting: RHB Yutaka Oki
|
0-0: Called Strike 0-1: Foul Ball, location: 2F 0-2: Foul Ball, location: 2F 0-2: Strikes out swinging
|
| Top of the 3rd over - 0 runs, 0 hits, 0 errors, 0 left on base; Sacramento 0 - Oklahoma City 2 |
| BOTTOM OF THE 3RD |
|
Oklahoma City Dodgers batting - Pitching for Sacramento River Cats : RHP Tyler Smith
|
|
Batting: LHB Alex Ramos
|
0-0: Ball 1-0: Swinging Strike 1-1: Ball 2-1: Ball 3-1: Foul Ball, location: 2F 3-2: Strikes out looking
|
|
Batting: RHB Justin Anastasio
|
0-0: Ball 1-0: Swinging Strike 1-1: Ground out 4-3 (Groundball, 4M, EV 101.2 MPH)
|
|
Batting: LHB James Betron
|
0-0: Called Strike 0-1: Ball 1-1: Foul Ball, location: 2F 1-2: Ball 2-2: Foul Ball, location: 2F 2-2: Reached on error, E4 (Groundball, 4, EV 93.1 MPH)
|
|
Batting: RHB John Manocchio
|
0-0: Ball James Betron steals 2nd base 1-0: Fly out, F4 (Popup, 4, EV 60.0 MPH)
|
| Bottom of the 3rd over - 0 runs, 0 hits, 1 error, 1 left on base; Sacramento 0 - Oklahoma City 2 |
| TOP OF THE 4TH |
|
Sacramento River Cats batting - Pitching for Oklahoma City Dodgers : LHP Joel Beery
|
|
Batting: RHB Hugo Zacarias
|
0-0: Ball 1-0: Ball 2-0: Fly out, F9 (Line Drive, 9, EV 101.2 MPH)
|
|
Batting: SHB Jason Spradling
|
0-0: SOLO HOME RUN (Flyball, 9D, EV 98.1 MPH), Distance : 372 ft
|
|
Batting: LHB Nate Conley
|
0-0: Called Strike 0-1: Fly out, F1 (Line Drive, P, EV 68.8 MPH)
|
|
Batting: RHB Roberto Duron
|
0-0: Called Strike 0-1: Foul Ball, location: 2F 0-2: Ground out 6-3 (Groundball, 6, EV 94.4 MPH)
|
| Top of the 4th over - 1 run, 1 hit, 0 errors, 0 left on base; Sacramento 1 - Oklahoma City 2 |
| BOTTOM OF THE 4TH |
|
Oklahoma City Dodgers batting - Pitching for Sacramento River Cats : RHP Tyler Smith
|
|
Batting: RHB John Hazen
|
0-0: Fly out, F8 (Flyball, 78D, EV 86.9 MPH)
|
|
Batting: RHB Armando Galindo
|
0-0: Fly out, F8 (Line Drive, 8RD, EV 105.0 MPH)
|
|
Batting: RHB Tim Adams
|
0-0: Called Strike 0-1: Ball 1-1: Swinging Strike 1-2: Foul Ball, location: 2F 1-2: Strikes out swinging
|
| Bottom of the 4th over - 0 runs, 0 hits, 0 errors, 0 left on base; Sacramento 1 - Oklahoma City 2 |
| TOP OF THE 5TH |
|
Sacramento River Cats batting - Pitching for Oklahoma City Dodgers : LHP Joel Beery
|
|
Batting: RHB Martin Guerrero
|
0-0: Ball 1-0: Ball 2-0: Ball 3-0: Base on Balls
|
|
Batting: LHB Willie Ceniceros
|
0-0: Ball 1-0: Foul Ball, location: 2F 1-1: Foul Ball, location: 2F 1-2: SINGLE (Groundball, 6MD, EV 95.6 MPH) Martin Guerrero to second
|
|
DELAY
|
Rain delay of 13 minutes in the 5th inning.
|
|
Pitching: RHP Alex Aguilar
|
|
|
Batting: LHB Juan Gonzalez
|
0-0: DOUBLE (Flyball, 7LM, EV 111.2 MPH) Martin Guerrero scores Willie Ceniceros to third
|
|
Batting: RHB Matt Fenimore
|
0-0: Swinging Strike 0-1: Called Strike 0-2: Ball 1-2: Foul Ball, location: 2F 1-2: SINGLE (Groundball, 6MD, EV 96.2 MPH) Willie Ceniceros scores Juan Gonzalez to third Runner from 3rd tries for Home, throw by CF and OUT! 8-2 Matt Fenimore to second
|
|
Batting: RHB Yutaka Oki
|
0-0: Ball 1-0: Swinging Strike 1-1: Called Strike 1-2: Ground out 5-3 (Groundball, 56, EV 83.8 MPH)
|
|
Batting: RHB Hugo Zacarias
|
0-0: Called Strike 0-1: Ball 1-1: Ball 2-1: Called Strike 2-2: Ground out 6-3 (Groundball, 6, EV 86.9 MPH)
|
| Top of the 5th over - 2 runs, 3 hits, 0 errors, 1 left on base; Sacramento 3 - Oklahoma City 2 |
| BOTTOM OF THE 5TH |
|
Oklahoma City Dodgers batting - Pitching for Sacramento River Cats : RHP Tyler Smith
|
|
Batting: RHB Terry Jarrells
|
0-0: Ball 1-0: Foul Ball, location: 2F 1-1: Ball 2-1: Ball 3-1: Fly out, F8 (Flyball, 8LD, EV 97.5 MPH)
|
|
Batting: RHB Matt Robert
|
0-0: Called Strike 0-1: Swinging Strike 0-2: DOUBLE (Line Drive, 89M, EV 102.5 MPH)
|
|
Batting: LHB Alex Ramos
|
0-0: Ball 1-0: Called Strike Matt Robert steals 3rd base 1-1: Ball 2-1: Ball 3-1: Swinging Strike 3-2: Base on Balls
|
|
Batting: RHB Justin Anastasio
|
0-0: Ball 1-0: Called Strike 1-1: Ball Alex Ramos steals 2nd base (no throw) 2-1: Foul Ball, location: 2F 2-2: Strikes out looking
|
|
Batting: LHB James Betron
|
0-0: Ball 1-0: TRIPLE (Flyball, 5D, EV 93.1 MPH) Matt Robert scores Alex Ramos scores
|
|
Batting: RHB John Manocchio
|
0-0: Ball 1-0: Ground out 6-3 (Groundball, 6D, EV 81.9 MPH)
|
| Bottom of the 5th over - 2 runs, 2 hits, 0 errors, 1 left on base; Sacramento 3 - Oklahoma City 4 |
| TOP OF THE 6TH |
|
Sacramento River Cats batting - Pitching for Oklahoma City Dodgers : RHP Alex Aguilar
|
|
Batting: SHB Jason Spradling
|
0-0: Ground out U3 (Groundball, 34S, EV 83.1 MPH)
|
|
Batting: LHB Nate Conley
|
0-0: Ball 1-0: SOLO HOME RUN (Flyball, 9LD, EV 98.1 MPH), Distance : 370 ft
|
|
Batting: RHB Roberto Duron
|
0-0: DOUBLE (Line Drive, 9LS, EV 106.9 MPH)
|
|
Batting: RHB Martin Guerrero
|
0-0: Called Strike 0-1: Ground out 6-3 (Groundball, 6, EV 102.5 MPH)
|
|
Batting: LHB Willie Ceniceros
|
0-0: Ball 1-0: Foul Ball, location: 2F 1-1: Ball 2-1: Fly out, F9 (Flyball, 9D, EV 105.6 MPH)
|
| Top of the 6th over - 1 run, 2 hits, 0 errors, 1 left on base; Sacramento 4 - Oklahoma City 4 |
| BOTTOM OF THE 6TH |
|
Oklahoma City Dodgers batting - Pitching for Sacramento River Cats : RHP Tyler Smith
|
|
Batting: RHB John Hazen
|
0-0: Called Strike 0-1: Fly out, F7 (Flyball, 78M, EV 79.4 MPH)
|
|
Batting: RHB Armando Galindo
|
0-0: Foul Ball, location: 2F 0-1: Swinging Strike 0-2: Fly out, F8 (Line Drive, 8LM, EV 88.1 MPH)
|
|
Batting: RHB Tim Adams
|
0-0: Called Strike 0-1: Ball 1-1: Ball 2-1: DOUBLE (Flyball, 8LXD, EV 108.8 MPH)
|
|
Batting: RHB Terry Jarrells
|
0-0: Ground out 4-3 (Groundball, 4, EV 105.6 MPH)
|
| Bottom of the 6th over - 0 runs, 1 hit, 0 errors, 1 left on base; Sacramento 4 - Oklahoma City 4 |
| TOP OF THE 7TH |
|
Sacramento River Cats batting - Pitching for Oklahoma City Dodgers : RHP Alex Aguilar
|
|
Pitching: RHP Ludo Argo
|
|
|
Batting: LHB Juan Gonzalez
|
0-0: Swinging Strike 0-1: Foul Ball, location: 2F 0-2: Ball 1-2: Fly out, F1 (Popup, P, EV 88.8 MPH)
|
|
Batting: RHB Matt Fenimore
|
0-0: Ball 1-0: Foul Ball, location: 2F 1-1: Foul Ball, location: 2F 1-2: Foul Ball, location: 2F 1-2: Ball 2-2: Strikes out looking
|
|
Batting: RHB Yutaka Oki
|
0-0: Ball 1-0: Ball 2-0: Ball 3-0: Called Strike 3-1: Ground out 6-3 (Groundball, 6, EV 85.0 MPH)
|
| Top of the 7th over - 0 runs, 0 hits, 0 errors, 0 left on base; Sacramento 4 - Oklahoma City 4 |
| BOTTOM OF THE 7TH |
|
Oklahoma City Dodgers batting - Pitching for Sacramento River Cats : RHP Tyler Smith
|
|
Batting: RHB Matt Robert
|
0-0: Ball 1-0: Ball 2-0: Fly out, F7 (Line Drive, 7, EV 92.5 MPH)
|
|
Batting: LHB Alex Ramos
|
0-0: Ball 1-0: Ball 2-0: Called Strike 2-1: Foul Ball, location: 2F 2-2: Ground out 3-1 (Groundball, 34S, EV 93.8 MPH)
|
|
Batting: RHB Justin Anastasio
|
0-0: Fly out, F9 (Flyball, 89S, EV 85.6 MPH)
|
| Bottom of the 7th over - 0 runs, 0 hits, 0 errors, 0 left on base; Sacramento 4 - Oklahoma City 4 |
| TOP OF THE 8TH |
|
Sacramento River Cats batting - Pitching for Oklahoma City Dodgers : RHP Ludo Argo
|
|
Batting: RHB Hugo Zacarias
|
0-0: Fly out, F2 (Popup, 23F, EV 93.1 MPH)
|
|
Batting: SHB Jason Spradling
|
0-0: Ball 1-0: Called Strike 1-1: Swinging Strike 1-2: Ball 2-2: Foul Ball, location: 2F 2-2: Foul Ball, location: 2F 2-2: Strikes out swinging
|
|
Batting: LHB Nate Conley
|
0-0: Ball 1-0: Ball 2-0: Ball 3-0: Called Strike 3-1: Called Strike 3-2: Strikes out swinging
|
| Top of the 8th over - 0 runs, 0 hits, 0 errors, 0 left on base; Sacramento 4 - Oklahoma City 4 |
| BOTTOM OF THE 8TH |
|
Oklahoma City Dodgers batting - Pitching for Sacramento River Cats : RHP Tyler Smith
|
|
Batting: LHB James Betron
|
0-0: Called Strike 0-1: Ball 1-1: Ball 2-1: Foul Ball, location: 2F 2-2: Foul Ball, location: 2F 2-2: Strikes out looking
|
|
Pitching: LHP Adam Ody
|
|
|
Batting: RHB John Manocchio
|
0-0: Swinging Strike 0-1: Foul Ball, location: 2F 0-2: Ball 1-2: Ground out 4-3 (Groundball, 4, EV 88.8 MPH)
|
|
Batting: RHB John Hazen
|
0-0: Ground out 6-3 (Groundball, 6, EV 75.6 MPH)
|
| Bottom of the 8th over - 0 runs, 0 hits, 0 errors, 0 left on base; Sacramento 4 - Oklahoma City 4 |
| TOP OF THE 9TH |
|
Sacramento River Cats batting - Pitching for Oklahoma City Dodgers : RHP Ludo Argo
|
|
Pitching: RHP Eddie Mosley
|
|
|
Batting: RHB Roberto Duron
|
0-0: Ball 1-0: Ball 2-0: Foul Ball, location: 2F 2-1: Ball 3-1: Swinging Strike 3-2: Strikes out swinging
|
|
Pinch Hitting: LHB Dave Talbert
|
0-0: Ball 1-0: Ball 2-0: Ball 3-0: Base on Balls
|
|
Batting: LHB Willie Ceniceros
|
0-0: SINGLE (Line Drive, 78S, EV 101.9 MPH) Dave Talbert to second
|
|
Batting: LHB Juan Gonzalez
|
0-0: Ball 1-0: Ball 2-0: Ball 3-0: Called Strike 3-1: Called Strike 3-2: Base on Balls Dave Talbert to third Willie Ceniceros to second
|
|
Pinch Hitting: LHB Nick Swank
|
0-0: Ball 1-0: Grounds into fielders choice 1-2 (Groundball, P, EV 72.5 MPH) Willie Ceniceros to third Juan Gonzalez to second
|
|
Batting: RHB Yutaka Oki
|
0-0: Ball 1-0: Foul Ball, location: 2F 1-1: Ball 2-1: Ground out 4-3 (Groundball, 4, EV 100.0 MPH)
|
| Top of the 9th over - 0 runs, 1 hit, 0 errors, 3 left on base; Sacramento 4 - Oklahoma City 4 |
| BOTTOM OF THE 9TH |
|
Oklahoma City Dodgers batting - Pitching for Sacramento River Cats : LHP Adam Ody
|
|
Now at C: Nick Swank
|
|
|
Now at 2B: Danny Garcia
|
|
|
Now at SS: Willie Ceniceros
|
|
|
Batting: RHB Armando Galindo
|
0-0: Called Strike 0-1: Foul Ball, location: 2F 0-2: Foul Ball, location: 2F 0-2: SINGLE (Line Drive, 89S, EV 99.4 MPH)
|
|
Batting: RHB Tim Adams
|
0-0: Ball 1-0: Ball 2-0: Sac Bunt to 15S - play at first, batter OUT! 1-4 Armando Galindo to second
|
|
Batting: RHB Terry Jarrells
|
0-0: Intentional Walk
|
|
Batting: RHB Matt Robert
|
0-0: Called Strike 0-1: Foul Ball, location: 2F 0-2: Ball 1-2: Foul Ball, location: 2F 1-2: Strikes out swinging
|
|
Batting: LHB Alex Ramos
|
0-0: Fly out, F6 (Line Drive, 6, EV 71.9 MPH)
|
| Bottom of the 9th over - 0 runs, 1 hit, 0 errors, 2 left on base; Sacramento 4 - Oklahoma City 4 |
| TOP OF THE 10TH |
|
Sacramento River Cats batting - Pitching for Oklahoma City Dodgers : RHP Eddie Mosley
|
|
Batting: RHB Hugo Zacarias
|
0-0: Ball 1-0: Called Strike 1-1: Foul Ball, location: 2F 1-2: Ball 2-2: Ball 3-2: Strikes out swinging
|
|
Batting: SHB Jason Spradling
|
0-0: Ground out 4-3 (Groundball, 4, EV 101.9 MPH)
|
|
Batting: LHB Nate Conley
|
0-0: Ball 1-0: Ground out 4-3 (Groundball, 4, EV 98.8 MPH)
|
| Top of the 10th over - 0 runs, 0 hits, 0 errors, 0 left on base; Sacramento 4 - Oklahoma City 4 |
| BOTTOM OF THE 10TH |
|
Oklahoma City Dodgers batting - Pitching for Sacramento River Cats : LHP Adam Ody
|
|
Batting: RHB Justin Anastasio
|
0-0: Foul Ball, location: 2F 0-1: Swinging Strike 0-2: Strikes out swinging
|
|
Batting: LHB James Betron
|
0-0: Reached on error, E3 (Groundball, 3L, EV 105.6 MPH)
|
|
Batting: RHB John Manocchio
|
0-0: Ball 1-0: Called Strike James Betron steals 2nd base (no throw) 1-1: SINGLE (Line Drive, 8RS, EV 93.1 MPH) James Betron to third Runner from 3rd tries for Home, SAFE, throw by CF to home
|
| Bottom of the 10th over - 1 run, 1 hit, 1 error, 0 left on base; Sacramento 4 - Oklahoma City 5 |
| |
|
Game Over ... Oklahoma City defeats Sacramento, 5 to 4
|
|
|